 Dungeon Crawl Stone Soup version 0.27-a0-1281-ge233d83751 (webtiles) character file.

Game seed: 17030412538297911633

361 sanka the Changer (level 6, -4/38 HPs)
             Began as an Octopode Transmuter on June 13, 2021.
             Was a Follower of Okawaru.
             Killed from afar by an orc wizard (9 damage)
             ... with a puff of flame
             ... on level 4 of the Dungeon.
             The game lasted 00:05:37 (4548 turns).

sanka the Changer (Octopode Transmuter)             Turns: 4548, Time: 00:05:37

Health: -4/38      AC:  1    Str: 16    XL:     6   Next: 66%
Magic:  9/9        EV: 13    Int: 15    God:    Okawaru [*.....]
Gold:   122        SH:  0    Dex: 14    Spells: 3/9 levels left

rFire    . . .     SeeInvis .     - Unarmed
rCold    . . .     Faith    +   (no shield)
rNeg     . . .     Spirit   .   (helmet restricted)
rPois    .         Reflect  .   i - amulet of faith
rElec    .         Harm     .   a - +6 ring of strength
rCorr    .         Rampage  .   (no ring)
Will     .....                  (no ring)
Stlth    ++........             (no ring)
HPRegen  0.12/turn              (no ring)
MPRegen  0.11/turn              (no ring)
                                (no ring)
                                (no ring)

@: no status effects
A: almost no armour, amphibious, 8 rings, camouflage 1, gelatinous body 1,
(nimble swimmer 1), tentacles
a: Renounce Religion, Heroism


You were on level 4 of the Dungeon.
You worshipped Okawaru.
Okawaru was aware of your devotion.
You visited 1 branch of the dungeon, and saw 4 of its levels.

You collected 122 gold pieces.


Innate Abilities, Weirdness & Mutations

You cannot wear most types of armour.
You are amphibious.
You can wear up to eight rings at the same time.
Your skin changes colour to match your surroundings (Stealth+).
Your rubbery body absorbs attacks. (AC +1, EV +1)
((You are camouflaged near water. (Stealth+)))
You have tentacles for arms and can constrict up to eight enemies at once.


   Skills:
 + Level 1.1 Fighting
 * Level 2.1 Dodging
 + Level 3.0 Unarmed Combat
 - Level 2.0 Spellcasting
 + Level 5.7 Transmutations
 - Level 4.0 Poison Magic


You had 3 spell levels left.
You knew the following spells:

 Your Spells              Type           Power      Damage    Failure   Level
x - Spider Form           Tmut/Pois      8%         N/A       9%          3
y - Wereblood             Tmut           18%        N/A       3%          2
z - Beastly Appendage     Tmut           36%        N/A       1%          1

Your spell library contained the following spells:

 Spells                   Type           Power      Damage    Failure   Level
 Ice Form                 Ice/Tmut       10%        N/A       56%         4

Inventory:

Hand Weapons
 n - a +2 dagger of venom
Jewellery
 a - a +6 ring of strength (left tentacle)
 i - an amulet of faith (around mantle)
Wands
 h - a wand of charming (11)
 o - a wand of flame (18)
 p - a wand of iceblast (11)
Scrolls
 b - 2 scrolls of brand weapon {unknown}
 c - a scroll of amnesia {unknown}
 d - a scroll of immolation {unknown}
 f - a scroll of fog {unknown}
 g - a scroll of magic mapping {unknown}
 j - a scroll of identify {unknown}
Potions
 e - a potion of curing {unknown}
 k - 2 potions of haste {unknown}
 l - a potion of brilliance {unknown}
 m - 2 potions of berserk rage {unknown}

Dungeon Overview and Level Annotations

Branches:
Dungeon (4/15)
 Temple: D:4-7

Altars:
Nemelex Xobeh
Okawaru
Qazlal
Trog
Yredelemnul

Portals:
Abyss: D:4

Annotations:
D:4 1 transporter, Shym's ghost, novice MiBe

▒.▒▒ ▒..▒▒
.▒▒▒.▒...▒▒▒ ▒<.....
▒▒ ▒▒▒▒?.▒ ▒....▒▒▒
▒.)▒▒▒▒ .▒▒
..∩....▒▒..▒▒ ▒.▒▒▒▒▒
..♣▒..▒.▒▒ ▒.▒▒.▒
▒▒.....▒ ...▒.....
▒.©▒.▒ ▒▒.......
.▒▒▒...▒▒ ▒.▒▒.▒
▒▒▒▒▒▒........ ▒▒
..▒▒▒© ..
▒..▒▒▒........<.... ▒
▒. ▒..▒...▒▒▒▒........
▒ ▒ ▒▒x..▒ ▒▒.........
▒▒ ▒.o▒▒ ▒▒..........
.▒ ▒▒..▒▒▒▒..▒▒.......
.▒ ▒ ▒
▒▒▒▒..▒▒▒...▒▒▒▒.....▒
.▒▒▒.... ▒.....▒▒▒.▒▒▒
▒▒▒▒▒▒ ..©...▒
▒...▒▒.)...▒ ▒▒▒...▒
...▒▒ ▒.▒▒▒▒▒ .▒ ..▒
▒▒ ▒..▒ ..▒ ▒▒ .....


You could see an orc wizard.


Message History

You tentacle-slap Natasha. You squeeze Natasha.
You kill Natasha!
Okawaru accepts your kill.
You can now gain great but temporary skills.
Natasha screams in pain as she dies!
The orc wizard hits you with a +0 dagger.
* * * LOW HITPOINT WARNING * * *
You tentacle-slap the orc wizard. You grab the orc wizard.
Your squeeze misses the orc wizard.
The orc wizard is lightly wounded.
You constrict the orc wizard. The orc wizard completely misses you.
You completely miss the orc wizard.
The orc wizard is lightly wounded.
You constrict the orc wizard.
The orc wizard hits you with a +0 dagger.
* * * LOW HITPOINT WARNING * * *
Okay, then.
You tentacle-slap the orc wizard.
The orc wizard is heavily wounded.
The orc wizard barely misses you.
You tentacle-slap the orc wizard.
You squeeze the orc wizard, but do no damage.
The orc wizard is severely wounded.
You constrict the orc wizard.
The orc wizard gestures at you while chanting.
The puff of flame hits you!
You die...

Action                   |  1- 3 |  4- 6 || total
-------------------------+-------+-------++-------
Melee: Unarmed           |    86 |    93 ||   179
       Constrict         |    22 |    26 ||    48
       Tentacles         |    18 |    25 ||    43
       Punch             |     4 |     2 ||     6
 Cast: Spider Form       |       |     1 ||     1
 Stab: Sleeping          |     6 |     2 ||     8
       Distracted        |       |     1 ||     1
Armor: Skin              |     3 |     5 ||     8
Dodge: Dodged            |    42 |    56 ||    98

Levels and vault maps discovered:
D:1:      dpeg_arrival_circle_labyrinth_c, layout_basic,
          shapermc_ecumenical_altar_mp_vishouse, minmay_small_reverse_x
D:2:      layout_loops_ring, kennysheep_small_spiral, minmay_misc_feat_room
D:3:      layout_basic, grunt_temple_overflow_bloody_war,
          gammafunk_temple_overflow_forgotten
D:4:      layout_rooms, gammafunk_ghost_abyssal_escape, uniq_natasha, uniq_robin

Notes
Turn   | Place    | Note
-------+----------+-------------------------------------------
     0 | D:1      | sanka the Octopode Transmuter began the quest for the Orb.
     0 | D:1      | Reached XP level 1. HP: 13/13 MP: 3/3
   414 | D:1      | Reached XP level 2. HP: 14/18 MP: 5/5
   585 | D:1      | Reached skill level 3 in Transmutations
   846 | D:1      | Reached XP level 3. HP: 23/23 MP: 6/6
  1153 | D:1      | Found a faded altar of an unknown god.
  2222 | D:3      | Learned a level 2 spell: Wereblood
  2226 | D:3      | Learned a level 3 spell: Spider Form
  2562 | D:3      | Found a stormy altar of Qazlal.
  2562 | D:3      | Found a sparkling altar of Nemelex Xobeh.
  2562 | D:3      | Found a basalt altar of Yredelemnul.
  2600 | D:3      | Reached skill level 1 in Poison Magic
  2777 | D:3      | Reached XP level 4. HP: 21/28 MP: 7/7
  2882 | D:3      | Found a bloodstained altar of Trog.
  2886 | D:3      | Reached skill level 2 in Poison Magic
  2886 | D:3      | Found an iron altar of Okawaru.
  2892 | D:3      | Reached skill level 3 in Poison Magic
  2899 | D:3      | Became a worshipper of Warmaster Okawaru
  3320 | D:4      | Noticed Robin
  3636 | D:3      | Reached XP level 5. HP: 26/33 MP: 8/8
  3838 | D:3      | Killed Robin
  3881 | D:4      | Reached skill level 4 in Poison Magic
  3973 | D:4      | Reached skill level 4 in Transmutations
  3973 | D:4      | Noticed a small abomination
  4053 | D:4      | Found a one-way gate to the infinite horrors of the Abyss.
  4068 | D:4      | Noticed an ogre
  4074 | D:4      | Noticed Shym's ghost (novice MiBe)
  4087 | D:4      | Found a transporter.
  4089 | D:4      | Noticed Natasha
  4090 | D:4      | Killed an ogre
  4091 | D:4      | Reached skill level 5 in Transmutations
  4091 | D:4      | Reached XP level 6. HP: 38/38 MP: 6/9
  4544 | D:4      | Killed Natasha
  4544 | D:4      | Reached * piety under Okawaru
  4548 | D:4      | Killed from afar by an orc wizard

Vanquished Creatures
  An ogre (D:4)
  A howler monkey (D:4)
  A hound (D:3)
  2 orc priests (D:4)
  Natasha (D:4)
  Robin (D:3)
  2 adders
  3 worms (D:3)
  2 dart slugs (D:1)
  6 orcs
  2 bats (D:1)
  6 endoplasms
  3 giant cockroaches
  13 goblins
  3 hobgoblins
  3 jackals (D:3)
  7 kobolds
  7 quokkas
  4 ball pythons
  A frilled lizard (D:1)
  6 rats
75 creatures vanquished.
